 Dungeon Sprint DCSS version 0.21-a0-47-g7c8f537 (webtiles) character file.

1283 Kidiri the Thaumaturge (level 8, 0/49 HPs)
             Began as a Deep Elf Fire Elementalist on June 8, 2017.
             Was a Believer of Vehumet.
             Slain by Snorg (18 damage)
             ... in the Dungeon (Sprint III: "The Ten Rune Challenge").
             The game lasted 00:07:41 (1220 turns).

Kidiri the Thaumaturge (Deep Elf Fire Elementalist) Turns: 1220, Time: 00:07:41

Health: 0/49       AC:  4    Str:  5    XL:     8   Next: 29%
Magic:  1/25       EV: 17    Int: 23    God:    Vehumet [**....]
Gold:   39         SH:  0    Dex: 15    Spells: 9/30 levels left

rFire    . . .     SeeInvis .   r - +0 dagger (curse)
rCold    . . .     Gourm    .   (no shield)
rNeg     . . .     Faith    .   a - +0 robe
rPois    .         Spirit   .   (no helmet)
rElec    .         Reflect  .   (no cloak)
rCorr    .         Harm     .   (no gloves)
MR       .....     NoTele   +   (no boots)
Stlth    ++........             (no amulet)
Regen    0.2/turn               (no ring)
MPRegen  0.2/turn               (no ring)

@: no status effects
A: icy blue scales 1, mutation resistance 1
a: Renounce Religion


You were in the Dungeon.
You worshipped Vehumet.
Vehumet was pleased with you.
You were not hungry.

You visited 1 branch You collected 39 gold pieces.

Inventory:

Hand Weapons
 r - a cursed +0 dagger (weapon)
Armour
 a - a +0 robe (worn)
Wands
 t - a wand of acid (6/15)
Scrolls
 d - a scroll of holy word
 i - a scroll of blinking
 j - a scroll of identify
 n - a scroll of torment
 o - 2 scrolls of remove curse
Potions
 e - 2 potions of heal wounds
 f - a potion of haste
 g - a potion of magic
 h - a potion of berserk rage
 m - 3 potions of flight
 q - a potion of resistance
Comestibles
 c - a bread ration
 l - 2 royal jellies


   Skills:
 + Level 5.0 Fighting
 + Level 4.4 Short Blades
 + Level 5.1 Armour
 + Level 7.9 Dodging
 - Level 2.4 Stealth
 * Level 11.8 Spellcasting
 + Level 6.7 Conjurations
 + Level 7.7 Fire Magic
 + Level 4.6 Air Magic
 + Level 4.9 Poison Magic


You had 9 spell levels left.
You knew the following spells:

 Your Spells              Type           Power        Failure   Level  Hunger
a - Flame Tongue          Conj/Fire      #####        1%          1    None
b - Throw Flame           Conj/Fire      #####.       1%          2    None
c - Conjure Flame         Conj/Fire      #####...     1%          3    None
d - Inner Flame           Hex/Fire       ####....     2%          3    None
e - Sticky Flame          Conj/Fire      #####...     2%          4    None
f - Fireball              Conj/Fire      #####.....   7%          5    ####...
g - Mephitic Cloud        Conj/Pois/Air  #####...     1%          3    None


Dungeon Overview and Level Annotations

Branches:
Dungeon (1/1)

Altars:
Cheibriados
Dithmenos
Elyvilon
Fedhas
Gozag
Hepliaklqana
Kikubaaqudgha
Makhleb
Nemelex Xobeh
Okawaru
Qazlal
Ru
Sif Muna
Trog
Uskayaw
Vehumet
Wu Jian
Xom
Yredelemnul
Zin
The Shining One
Beogh
Jiyva
Lugonu

Annotations:
D Snorg


Innate Abilities, Weirdness & Mutations

You are partially covered in icy blue scales. (AC +2)
You are somewhat resistant to further mutation.


Message History

Confirm with . or Enter, or press ? or * to list all spells.
Aiming: Conjure Flame
Press: ? - help, Dir - move target cursor, p - Snorg The fire ignites!
Snorg burns!
Unknown command.
Snorg closely misses you. Snorg barely misses you. Snorg closely misses you.
Snorg burns!
Snorg burns!
Snorg stops burning.
Snorg bites you! Snorg closely misses you. x2
Casting: Conjure Flame
Confirm with . or Enter, or press ? or * to list all spells.
Aiming: Sticky Flame
Press: ? - help, Shift-Dir - straight line, f - Snorg
Aim: Snorg (almost dead, berserk, fast, unusually strong)
The sticky flame hits Snorg.
Snorg is almost dead.
Snorg is covered in liquid flames!
Snorg burns!
Snorg misses you. Snorg claws you. Snorg misses you.
Unknown command.
Snorg burns!
Snorg bites you!!
You die...

▓▓▓ ##.############
####..#___#___#__#
#§§#..#..)#__)#[_#
#§§#..###+#+###+##
##+#..#..........#
###...'.⌠........#
###...#...######@#
##....#.⌠.#__#..T#+#####
#.....#...#__#...#..≈≈≈+
%.....#+###__#...#.#§§§#
#.....#.:.#__#...'.#.§.#
##....#___#__+...#.#§. #
▓▓▓▓▓▓▓▓▓▓▓▓▓▓▓▓▓▓▓ ▓▓


You could see Snorg (berserk).

Vanquished Creatures
  A deep elf mage (D)
  A shadow (D)
  A spatial vortex (D)
  A necrophage (D)
  A water elemental (D)
  A scorpion (D)
  A wizard (D)
  A jelly (D)
  A necromancer (D)
  3 humans (D)
  A kobold demonologist (D)
  2 oozes (D)
  2 rats (D)
17 creatures vanquished.

Vanquished Creatures (others)
  2 draconian scorchers (D)
  A yaktaur (D)
  6 hellions (D)
  3 plants (D)
12 creatures vanquished.

Grand Total: 29 creatures vanquished

Notes
Turn   | Place    | Note
-------+----------+-------------------------------------------
     0 | D        | Kidiri the Deep Elf Fire Elementalist began the quest for the Orb.
     0 | D        | Reached XP level 1. HP: 10/10 MP: 6/6
    13 | D        | Reached skill level 1 in Fighting
    13 | D        | Reached skill level 4 in Spellcasting
    13 | D        | Reached XP level 2. HP: 16/16 MP: 1/9
    17 | D        | Learned a level 2 spell: Throw Flame
    70 | D        | Killed a yaktaur
    94 | D        | Reached skill level 1 in Armour
   110 | D        | Killed a hellion
   112 | D        | Killed a hellion
   112 | D        | Killed a hellion
   151 | D        | Killed a hellion
   163 | D        | Reached skill level 5 in Spellcasting
   163 | D        | Reached XP level 3. HP: 3/20 MP: 6/11
   168 | D        | Learned a level 3 spell: Conjure Flame
   172 | D        | Learned a level 3 spell: Inner Flame
   177 | D        | Killed a white draconian scorcher
   184 | D        | Killed a hellion
   185 | D        | Killed a hellion
   189 | D        | Killed a white draconian scorcher
   456 | D        | Noticed a scorpion
   465 | D        | Killed a scorpion
   465 | D        | Reached skill level 6 in Spellcasting
   465 | D        | Reached XP level 4. HP: 25/26 MP: 1/14
   486 | D        | Gained mutation: You expend magic power (3 MP) to strengthen your wands. [potion of mutation]
   486 | D        | Gained mutation: You are clumsy. (Dex -2) [potion of mutation]
   486 | D        | Gained mutation: You evolve. [potion of mutation]
   487 | D        | Lost mutation: You expend magic power (3 MP) to strengthen your wands. [potion of mutation]
   487 | D        | Lost mutation: You are clumsy. (Dex -2) [potion of mutation]
   487 | D        | Lost mutation: You evolve. [potion of mutation]
   487 | D        | Gained mutation: You do not regenerate when monsters are visible. [potion of mutation]
   487 | D        | Gained mutation: You are partially covered in molten scales. (AC +2) [potion of mutation]
   487 | D        | Gained mutation: Your mind is acute. (Int +2) [potion of mutation]
   487 | D        | Gained mutation: You are agile. (Dex +2) [potion of mutation]
   488 | D        | Lost mutation: You are agile. (Dex +2) [potion of mutation]
   488 | D        | Lost mutation: Your mind is acute. (Int +2) [potion of mutation]
   488 | D        | Lost mutation: You are partially covered in molten scales. (AC +2) [potion of mutation]
   488 | D        | Lost mutation: You do not regenerate when monsters are visible. [potion of mutation]
   488 | D        | Gained mutation: You are resistant to hostile enchantments. (MR+) [potion of mutation]
   488 | D        | Gained mutation: Your flesh is heat resistant. (rF+) [potion of mutation]
   489 | D        | Lost mutation: You are resistant to hostile enchantments. (MR+) [potion of mutation]
   489 | D        | Lost mutation: Your flesh is heat resistant. (rF+) [potion of mutation]
   489 | D        | Gained mutation: You are somewhat resistant to further mutation. [potion of mutation]
   489 | D        | Gained mutation: You are partially covered in icy blue scales. (AC +2) [potion of mutation]
   495 | D        | Learned a level 4 spell: Sticky Flame
   553 | D        | Noticed a water elemental
   556 | D        | Killed a water elemental
   556 | D        | Reached skill level 5 in Dodging
   556 | D        | Reached skill level 7 in Spellcasting
   556 | D        | Reached skill level 5 in Fire Magic
   556 | D        | Reached XP level 5. HP: 32/32 MP: 9/17
   571 | D        | Learned a level 5 spell: Fireball
   606 | D        | Found a radiant altar of Vehumet.
   607 | D        | Found a deep blue altar of Sif Muna.
   607 | D        | Found an ancient bone altar of Kikubaaqudgha.
   609 | D        | Noticed a soul eater
   609 | D        | Reached skill level 8 in Spellcasting
   622 | D        | Learned a level 3 spell: Mephitic Cloud
   627 | D        | Became a worshipper of Vehumet
   713 | D        | Found a glowing silver altar of Zin.
   714 | D        | Found a glowing golden altar of the Shining One.
   714 | D        | Found a white marble altar of Elyvilon.
   714 | D        | Noticed a deep elf mage
   723 | D        | Killed a deep elf mage
   723 | D        | Reached skill level 10 in Spellcasting
   723 | D        | Reached skill level 5 in Conjurations
   723 | D        | Reached XP level 6. HP: 38/38 MP: 15/21
   723 | D        | Reached XP level 7. HP: 43/43 MP: 16/23
   763 | D        | Found an ornate altar of the Wu Jian Council.
   763 | D        | Found a roughly hewn altar of Beogh.
   763 | D        | Found an iron altar of Okawaru.
   763 | D        | Found a bloodstained altar of Trog.
   763 | D        | Found a hide-covered altar of Uskayaw.
   763 | D        | Noticed a human
   768 | D        | Noticed a human
   770 | D        | Killed a human
   777 | D        | Killed a human
   777 | D        | Reached * piety under Vehumet
   777 | D        | Offered knowledge of Freeze by Vehumet.
   777 | D        | Reached skill level 11 in Spellcasting
   920 | D        | Found a basalt altar of Yredelemnul.
   920 | D        | Found a shadowy altar of Dithmenos.
   920 | D        | Found a sacrificial altar of Ru.
   985 | D        | Noticed a shadow
   989 | D        | Offered knowledge of Shock by Vehumet.
   989 | D        | Reached ** piety under Vehumet
   989 | D        | Reached XP level 8. HP: 48/48 MP: 17/25
  1003 | D        | Reached skill level 5 in Armour
  1088 | D        | Found a blossoming altar of Fedhas.
  1088 | D        | Found a stormy altar of Qazlal.
  1088 | D        | Found a snail-covered altar of Cheibriados.
  1088 | D        | Found a burning altar of Makhleb.
  1088 | D        | Found a shimmering altar of Xom.
  1089 | D        | Found a hazy altar of Hepliaklqana.
  1089 | D        | Found an opulent altar of Gozag.
  1089 | D        | Found a sparkling altar of Nemelex Xobeh.
  1089 | D        | Found a corrupted altar of Lugonu.
  1089 | D        | Found a viscous altar of Jiyva.
  1110 | D        | Reached skill level 5 in Fighting
  1210 | D        | Noticed Snorg
  1220 | D        | Slain by Snorg

Vault maps used:
D:        dungeon_sprint_mu

Skill      XL: |  1  2  3  4  5  6  7  8 |
---------------+-------------------------+-----
Fighting       | 1 2 4 5 |  5.0
Dodging        | 3 4 5 6 7 |  7.9
Spellcasting   | 4 5 6 7 10 11 | 11.8
Armour         | 1 2 4 5 |  5.1
Conjurations   | 2 3 4 5 6 |  6.7
Fire Magic     | 4 5 6 7 |  7.7
Short Blades   | 3 4 |  4.4
Air Magic      | 3 4 |  4.6
Poison Magic   | 3 4 |  4.9
Stealth        | |  2.4

Action                   |  1- 3 |  4- 6 |  7- 9 || total
-------------------------+-------+-------+-------++-------
Melee: Dagger            |       |     1 |     1 ||     2
 Cast: Flame Tongue      |    28 |     4 |    49 ||    81
       Throw Flame       |     1 |     1 |       ||     2
       Conjure Flame     |       |     1 |     3 ||     4
       Sticky Flame      |       |     3 |     6 ||     9
       Mephitic Cloud    |       |       |     1 ||     1
       Fireball          |       |       |     3 ||     3
  Use: Potion            |     2 |     4 |       ||     6
       Scroll            |       |     4 |       ||     4
 Stab: Sleeping          |       |     1 |       ||     1
       Confused          |       |       |     1 ||     1
  Eat: Fruit             |       |       |     4 ||     4
Armor: Robe              |     1 |     1 |       ||     2
Dodge: Dodged            |    14 |     1 |    12 ||    27
